Match 41699357
Unlisted

Match 41699357
End
Construct Infanterie Kompanie
Pioneer Squad
MG 42 Machine Gun Team
Selects Terror Battlegroup
Selects Machine Gun Camouflage
Grenadier Squad
GrW 34 Mortar Team
Grenadier Squad
Grenadier Squad
Infanterie Officer Quarters
Construct Panzergrenadier Kompanie
Pak 40 Anti-tank Gun Team
251 Medium Carrier
Pioneer Squad
Support Elements
StuG III G Assault Gun
Nebelwerfer 42 Rocket Launcher Team
251 Medium Carrier
Selects Contempt for the Weak
Selects Jericho Trumpet
Jericho Trumpet
StuG III G Assault Gun
Panzergrenadier Squad
[PD]Folscher
Apache
Vasilli Grozny
TwistedTootsy
Stormless
Grunka Lunka
0
0

Comments sign in to comment!

No comments posted yet!